 Dungeon Crawl Stone Soup version 0.29-a0-330-g52719c12eb (webtiles) character file.

Game seed: 3236747299077889637

352 kae the Firebug (level 6, -1/39 HPs)
             Began as an Octopode Fire Elementalist on Apr 17, 2022.
             Slain by a centaur (3 damage)
             ... on level 4 of the Dungeon.
             The game lasted 00:02:27 (4607 turns).

kae the Firebug (Octopode Fire Elementalist)        Turns: 4607, Time: 00:02:27

Health: -1/39      AC:  1    Str:  7    XL:     6   Next: 61%
Magic:  2/10       EV: 13    Int: 19    God:
Gold:   219        SH:  0    Dex: 13    Spells: 4/10 levels left

rFire   + . .      SeeInvis .   b - staff of fire
rCold   . . .      Faith    .   (no shield)
rNeg    . . .      Spirit   .   (helmet restricted)
rPois   +          Reflect  .   (no amulet)
rElec   .          Harm     .   t - ring of poison resistance
rCorr   .          Rampage  .   (no ring)
Will    .....                   (no ring)
Stlth   +++.......              (no ring)
HPRegen 0.13/turn               (no ring)
MPRegen 0.12/turn               (no ring)
                                (no ring)
                                (no ring)

@: no status effects
A: almost no armour, amphibious, 8 rings, camouflage 1, gelatinous body 1,
(nimble swimmer 1), tentacles
a: no special abilities


You were on level 4 of the Dungeon.
You visited 1 branch of the dungeon, and saw 4 of its levels.

You collected 219 gold pieces.

Inventory:

Magical Staves
 b - a staff of fire (weapon)
Jewellery
 t - a ring of poison resistance (left tentacle)
Scrolls
 g - a scroll of immolation
 h - a scroll of holy word {unknown}
 j - 2 scrolls of amnesia
 l - 2 scrolls of identify
 m - 2 scrolls of enchant armour {unknown}
 p - a scroll of magic mapping {unknown}
 q - a scroll of summoning
 s - a scroll of teleportation
Potions
 a - a potion of magic
 c - a potion of heal wounds
 d - 2 potions of curing {unknown}
 e - a potion of mutation {unknown}
 f - a potion of resistance {unknown}
 i - 2 potions of haste {unknown}
 k - a potion of attraction {unknown}
 n - a potion of degeneration {unknown}
 o - a potion of invisibility {unknown}
 r - a potion of cancellation {unknown}
 u - a potion of ambrosia {unknown}


   Skills:
 + Level 1.7 Fighting
 + Level 1.7 Staves
 + Level 2.8 Dodging
 + Level 4.0 Stealth
 + Level 2.8 Spellcasting
 + Level 2.2 Conjurations
 * Level 4.2 Fire Magic
 + Level 2.0 Evocations


You had 4 spell levels left.
You knew the following spells:

 Your Spells              Type           Power      Damage    Failure   Level
a - Foxfire               Conj/Fire      88%        2x1d8     4%          1
b - Scorch                Fire           56%        2d7       4%          2
c - Conjure Flame         Conj/Fire      22%        6-21      12%         3

Your spell library contained the following spells:

 Spells                   Type           Power      Damage    Failure   Level
 Inner Flame              Hex/Fire       16%        N/A       19%         3
 Flame Wave               Conj/Fire      22%        2d7       38%         4


Dungeon Overview and Level Annotations

Branches:
Dungeon (4/15)
 Temple: D:4-7

Altars:
Cheibriados

Annotations:
D:3 Eustachio
D:4 Menkaure


Innate Abilities, Weirdness & Mutations

You cannot wear most types of armour.
You are amphibious.
You can wear up to eight rings at the same time.
Your skin changes colour to match your surroundings (Stealth+).
Your rubbery body absorbs attacks. (AC +1, EV +1)
((You are camouflaged when in or above water. (Stealth+)))
You have tentacles for arms and can constrict up to eight enemies at once.


Message History

The centaur is lightly wounded.
The centaur's fire resistance burns away.
The centaur closely misses you. The centaur barely misses you.
The centaur hits you. The centaur closely misses you. The centaur hits you.
The centaur kicks you.
Casting: Scorch (safe; 4% risk of failure)
Confirm with . or Enter, or press ? or * to list all spells.
You feel a surge of power!
Flames lash the centaur but do no damage.
The centaur misses you. The centaur barely misses you.
Your magical contamination has completely faded away.
The centaur is no longer more vulnerable to fire.
The centaur hits you.
The centaur kicks you but does no damage.
The endoplasm freezes you.
You are frozen.
The centaur misses you. The centaur kicks you.
Casting: Scorch (safe; 4% risk of failure)
Confirm with . or Enter, or press ? or * to list all spells.
You feel a surge of power!
Flames lash the endoplasm.
You kill the endoplasm!
The centaur closely misses you. The centaur kicks you. The centaur misses you.
The centaur kicks you. The centaur barely misses you. The centaur kicks you.
Casting: Scorch (safe; 4% risk of failure)
Confirm with . or Enter, or press ? or * to list all spells.
You feel a surge of power!
Flames lash the centaur.
The centaur is heavily wounded.
The centaur's fire resistance burns away.
The centaur closely misses you. The centaur kicks you.
* * * LOW HITPOINT WARNING * * *
The centaur hits you.
* * * LOW HITPOINT WARNING * * *
The centaur closely misses you. The centaur hits you!
* * * LOW HITPOINT WARNING * * *
The centaur kicks you.
* * * LOW HITPOINT WARNING * * *
You hit the centaur.
The centaur is severely wounded.
The centaur hits you.
You die...

### ... #.# ##
## #.# #.# #.
#.###.. #.
#..c# #. ####@#
#. #....# #.
#.#### ### #.#
#..
#.#####.#####.#
#.#
#.............#
#.#
#######.#######
#.# #.# #.# #.#
### #.#


You could see a centaur (combustible).

Vanquished Creatures
  Grinder (D:3)
  A hound (D:3)
  Robin (D:3)
  3 adders
  2 worms (D:4)
  3 dart slugs (D:1)
  6 orcs (D:4)
  4 bats
  4 endoplasms
  2 giant cockroaches
  7 hobgoblins
  4 kobolds
  8 quokkas
  4 ball pythons
  A frilled lizard (D:1)
  16 goblins
  6 rats
73 creatures vanquished.

Vanquished Creatures (others)
  200 foxfires
200 creatures vanquished.

Grand Total: 273 creatures vanquished

Notes
Turn   | Place    | Note
-------+----------+-------------------------------------------
     0 | D:1      | kae the Octopode Fire Elementalist began the quest for the
                  | Orb.
     0 | D:1      | Reached XP level 1. HP: 11/11 MP: 3/3
   340 | D:1      | Reached XP level 2. HP: 17/17 MP: 3/5
   771 | D:1      | Learned a level 2 spell: Scorch
  1114 | D:1      | Found a faded altar of an unknown god.
  1191 | D:1      | Reached XP level 3. HP: 22/22 MP: 4/6
  1254 | D:1      | Learned a level 3 spell: Conjure Flame
  2327 | D:3      | Noticed Robin
  2334 | D:3      | Killed Robin
  2335 | D:3      | Reached skill level 1 in Evocations
  2335 | D:3      | Reached XP level 4. HP: 27/27 MP: 2/7
  2518 | D:3      | Reached skill level 1 in Fighting
  2734 | D:3      | Reached skill level 1 in Staves
  2734 | D:3      | Reached XP level 5. HP: 25/33 MP: 2/8
  3199 | D:3      | Noticed Grinder
  3207 | D:3      | Paralysed by Grinder for 7 turns
  3225 | D:3      | Killed Grinder
  3226 | D:3      | Reached XP level 6. HP: 20/39 MP: 0/10
  3983 | D:4      | Noticed Eustachio
  4344 | D:4      | Found a snail-covered altar of Cheibriados.
  4520 | D:4      | Noticed Menkaure
  4607 | D:4      | Slain by a centaur

Illustrated notes

Levels and vault maps discovered:
D:1:      dpeg_arrival_connections, layout_loops_corners,
          hellmonk_ecumenical_altar_zigzags, wad_floor_pattern_untrapped
D:2:      layout_basic
D:3:      layout_basic, uniq_grinder, uniq_robin
D:4:      layout_loops_ring, kennysheep_small_circle, uniq_crazy_yiuf_cottage,
          uniq_eustachio, uniq_menkaure

Skill      XL: |  1  2  3  4  5  6 |
---------------+-------------------+-----
Stealth        | 3 4 |  4.0
Evocations     | 1 2 |  2.0
Fighting       | 1 |  1.7
Staves         | 1 |  1.7
Conjurations   | 2 |  2.2
Fire Magic     | 4 |  4.2
Dodging        | |  2.8
Spellcasting   | |  2.8

Action                   |  1- 3 |  4- 6 || total
-------------------------+-------+-------++-------
Melee: Unarmed           |     2 |       ||     2
       Constrict         |     4 |     7 ||    11
       Tentacles         |     4 |     4 ||     8
       Staff             |    14 |    28 ||    42
       Punch             |       |     2 ||     2
 Cast: Foxfire           |    64 |    56 ||   120
       Scorch            |       |    22 ||    22
  Use: Scroll            |     7 |       ||     7
       Potion            |       |     3 ||     3
 Stab: Sleeping          |     1 |     1 ||     2
Armor: Skin              |       |     4 ||     4
Dodge: Dodged            |    14 |    43 ||    57

Table legend: (Time is in decaauts)
 A = Elapsed time spent in this place.
 B = Non-inter-level travel time spent in this place.
 C = Inter-level travel time spent in this place.
 D = Time resting spent in this place.
 E = Time spent auto-exploring this place.
 F = Levels seen in this place.
 G = Mean time per level.
                   A        B        C        D        E       F      G
               +--------+--------+--------+--------+--------+-----+--------+
         Total |   4613 |   4506 |    107 |    258 |   3613 |   4 | 1153.2 |
       Dungeon |   4613 |   4506 |    107 |    258 |   3613 |   4 | 1153.2 |
               +--------+--------+--------+--------+--------+-----+--------+

Top non-repeatable levels by time:
     D:1: 1559 daAuts
     D:3: 1469 daAuts
     D:4: 825 daAuts
     D:2: 758 daAuts
